 Dungeon Crawl Stone Soup version 0.25-a0-696-g42a9e46d90 (webtiles) character file.

Game seed: 18047093827243432652, levelgen mode: deterministic

1283 logdie the Fighter (level 8, -5/61 HPs)
             Began as an Octopode Chaos Knight on Mar 31, 2020.
             Was an Initiate of Nemelex Xobeh.
             Killed by the capriciousness of Xom (37 damage)
             ... on level 6 of the Dungeon.
             The game lasted 00:07:41 (8107 turns).

logdie the Fighter (Octopode Chaos Knight)          Turns: 8107, Time: 00:07:41

Health: -5/61      AC:  3    Str: 13    XL:     8   Next: 55%
Magic:  10/10      EV: 10    Int: 14    God:    Nemelex Xobeh [......]
Gold:   297        SH:  8    Dex: 12    Spells: 7/7 levels left

rFire    . . .     SeeInvis .   z - +1 flail (vorpal)
rCold    . . .     Gourm    .   m - +0 kite shield
rNeg     . . .     Faith    .   (helmet restricted)
rPois    .         Spirit   .   (no amulet)
rElec    +         Reflect  .   (no ring)
rCorr    .         Harm     .   (no ring)
MR       .....                  (no ring)
Stlth    ++........             (no ring)
HPRegen  0.20/turn              (no ring)
MPRegen  0.12/turn              (no ring)
                                (no ring)
                                (no ring)

@: heavily drained
A: almost no armour, stealthy swim, amphibious, 8 rings, constrict 8, slimy
green scales 1, camouflage 1, electricity resistance, gelatinous body 1
a: Draw Escape, Draw Destruction, Draw Summoning, Renounce Religion


You were on level 6 of the Dungeon.
You worshipped Nemelex Xobeh.
Nemelex Xobeh was noncommittal.
You were near starving.

You visited 2 branches of the dungeon, and saw 7 of its levels.

You collected 297 gold pieces.

Inventory:

Hand Weapons
 a - a +0 spear of chaos
 p - a +0 spear
 z - a +1 vorpal flail (weapon)
Missiles
 c - 161 stones (quivered)
 s - a throwing net {!f}
 C - 6 poisoned darts
Armour
 m - a +0 kite shield (worn)
Jewellery
 B - an uncursed amulet of harm
Wands
 n - a wand of random effects (13)
Scrolls
 e - a scroll of magic mapping {unknown}
 g - 2 scrolls of amnesia
 h - 2 scrolls of remove curse {@r2}
 i - a scroll of teleportation {@r3}
 j - a scroll of fog
 k - a scroll of immolation
 o - a scroll of fear
 v - a scroll of enchant armour {unknown}
 w - a scroll of blinking {unknown}
 y - a scroll of random uselessness {unknown}
 A - a scroll of noise
Potions
 d - a potion of might {unknown}
 f - a potion of haste
 l - a potion of magic {unknown}
 q - a potion of lignification {unknown}
 r - 2 potions of stabbing
 t - a potion of curing {unknown}
 u - 3 potions of berserk rage
 x - 3 potions of heal wounds {unknown}
 E - a potion of ambrosia {unknown}
Comestibles
 b - 8 rations


   Skills:
 * Level 8.1(5.6) Fighting
 - Level 2.0(0.0) Maces & Flails
 - Level 3.0(0.8) Polearms
 - Level 2.8(0.6) Dodging
 + Level 4.8(2.5) Shields
 + Level 3.3(1.0) Invocations


You had 7 spell levels left.
You didn't know any spells.
Your spell library was empty.

Dungeon Overview and Level Annotations

Branches:
Dungeon (6/15)             Temple (1/1) D:5

Altars:
Ashenzari
Dithmenos
Elyvilon
Fedhas
Gozag
Hepliaklqana
Kikubaaqudgha
Nemelex Xobeh
Okawaru
Ru
Trog
Vehumet
Wu Jian
Xom
Yredelemnul
Zin
The Shining One


Innate Abilities, Weirdness & Mutations

You cannot wear most types of armour.
You are very stealthy in the water. (Stealth+)
You are amphibious.
You can wear up to eight rings at the same time.
You can use your tentacles to constrict eight enemies at once.
Your skin changes colour to match your surroundings (Stealth+).
Your rubbery body absorbs attacks. (AC +1, EV +1)
You are partially covered in slimy green scales. (AC +2)
You are resistant to electric shocks. (rElec)


Message History

The gnoll hits you with a +0 spear! The gnoll hits you with a +0 spear.
You thump the gnoll!
You kill the gnoll!
Things that are here:
a +0 spear; a gnoll corpse The gnoll hits you with a +0 spear.
You hit the gnoll but do no damage. You grab the gnoll. You squeeze the gnoll.
You constrict the gnoll, but do no damage.
The gnoll hits you with a +0 spear. x2
You hit the gnoll. You constrict the gnoll.
You kill the gnoll!
Things that are here:
a +0 spear; a gnoll corpse You start resting.
You hear Xom's maniacal laughter.
You are caught in a fiery explosion!
The explosion engulfs you!!!
Ouch! That really hurt!
You die...
Xom chuckles heartily!
Your body disappears without a glow.

.#....# ##.......## ##...#..#
......## ##.........###.......#
#......#####..........##..)......
#...##...##...........#...#.....
#..####...#...............# ..g
#..# ##................)#....g.
#..# ##...............##......
#..# #..............## ......
#..# #........@.....## #.....g
#..# #............).#.......g.
#..# #........................
##.# #..........).......(. #.#
##.........####.####. #.#
........)# ..... #.#
#........#.......# #.#
###........#.......#
#.####.........#....._....


There were no monsters in sight!

Vanquished Creatures
  2 ogres
  A scorpion (D:6)
  A water moccasin skeleton (D:3)
  3 wights (D:6)
  2 crimson imps (D:5)
  2 gnoll shamans (D:6)
  4 orc priests
  A centaur skeleton (D:4)
  Natasha (thrice) (D:2)
  8 orc wizards
  A hound skeleton (D:5)
  A howler monkey zombie (D:4)
  6 gnolls (D:6)
  7 adders
  2 shadow imps
  A dart slug (D:4)
  3 leopard geckos
  21 orcs
  A ball python (D:3)
  2 giant cockroaches
  12 goblins
  4 hobgoblins
  A quokka (D:4)
  8 bats
  4 frilled lizards
  7 kobolds
  6 rats
114 creatures vanquished.

Vanquished Creatures (collateral kills)
  An ogre (D:4)
1 creature vanquished.

Grand Total: 115 creatures vanquished

Notes
Turn   | Place    | Note
-------+----------+-------------------------------------------
     0 | D:1      | logdie the Octopode Chaos Knight began the quest for the
                  | Orb.
     0 | D:1      | Reached XP level 1. HP: 16/16 MP: 1/1
   419 | D:1      | Reached XP level 2. HP: 21/21 MP: 2/2
   595 | D:1      | XOM: divination: detect creatures
   839 | D:1      | XOM: mild Tmut miscast
  1079 | D:2      | XOM: mild Summ miscast
  1349 | D:2      | Found a shattered altar of Ashenzari,
  1480 | D:2      | Reached XP level 3. HP: 27/27 MP: 3/3
  1567 | D:2      | Reached skill level 4 in Fighting
  1616 | D:2      | XOM: medium Conj miscast
  1881 | D:2      | XOM: scenery: create altars
  1895 | D:2      | Reached skill level 1 in Shields
  1895 | D:2      | Reached XP level 4. HP: 28/34 MP: 4/4
  1896 | D:2      | XOM: give mutations
  1896 | D:2      | Gained mutation: You are resistant to electric shocks.
                  | (rElec) [Xom's grace]
  1896 | D:2      | Gained mutation: You are partially covered in slimy green
                  | scales. (AC +2) [Xom's grace]
  2089 | D:2      | Noticed Natasha
  2095 | D:2      | Killed Natasha
  2095 | D:2      | Reached XP level 5. HP: 34/38 MP: 5/5
  2188 | D:2      | Reached skill level 5 in Fighting
  2351 | D:2      | Found a shattered altar of Ashenzari,
  2716 | D:2      | Found a shimmering altar of Xom,
  2721 | D:2      | Found a shimmering altar of Xom,
  2726 | D:2      | Found a shimmering altar of Xom,
  2828 | D:2      | Found a shimmering altar of Xom,
  2833 | D:2      | Found a shimmering altar of Xom,
  2838 | D:2      | Found a shimmering altar of Xom,
  2860 | D:2      | Found a shattered altar of Ashenzari,
  2879 | D:2      | Noticed Natasha
  2883 | D:2      | Killed Natasha
  2886 | D:2      | Noticed Natasha
  2905 | D:2      | Killed Natasha
  2922 | D:2      | XOM: medium Ice miscast
  3180 | D:3      | You fall into a shaft and drop 1 floor!
  3220 | D:5      | XOM: noise
  3220 | D:5      | Entered Level 5 of the Dungeon
  3357 | D:4      | Reached XP level 6. HP: 45/45 MP: 6/6
  3720 | D:4      | XOM: cast spell 'Call Canine Familiar'
  3726 | D:4      | Reached skill level 6 in Fighting
  4655 | D:3      | XOM: noise
  4807 | D:3      | Reached skill level 1 in Maces & Flails
  4807 | D:3      | Reached XP level 7. HP: 27/53 MP: 7/7
  5398 | D:5      | XOM: harmless Fire miscast
  5439 | D:5      | Found a staircase to the Ecumenical Temple,
  5458 | Temple   | Entered the Ecumenical Temple
  5528 | Temple   | Fell from the grace of Xom
  5528 | Temple   | Became a worshipper of Nemelex Xobeh the Trickster
  5896 | D:5      | Reached skill level 1 in Invocations
  6043 | D:5      | XOM: mild Tmut miscast
  6144 | D:5      | Reached skill level 7 in Fighting
  6236 | D:5      | XOM: medium Conj miscast
  6379 | D:5      | Received a gift from Nemelex Xobeh
  6586 | D:5      | Reached XP level 8. HP: 40/60 MP: 9/9
  7843 | D:6      | Found a bloodstained altar of Trog,
  7844 | D:6      | Reached skill level 8 in Fighting
  8107 | D:6      | XOM: medium Fire miscast
  8107 | D:6      | Killed by the capriciousness of Xom

Levels and vault maps discovered:
D:1:      co_arrival_square_in_a_square_in_a_square, layout_basic
D:2:      cheibrodos_pilgrimage, layout_loops_cross, old_standard_altar,
          uniq_natasha
D:3:      layout_loops_cross, first_ration, minmay_ogre_servants
D:4:      layout_basic
D:5:      layout_loops_ring, minmay_temple_entry_overgrown
D:6:      layout_cave_pods, old_standard_altar
Temple:   regret_index_temple_waves

Skill      XL: |  1  2  3  4  5  6  7  8 |
---------------+-------------------------+-----
Fighting       | 4 5 6 7 8 |  8.1
Shields        | 1 2 3 4 |  4.8
Maces & Flails | 1 2 |  2.0
Invocations    | 2 3 |  3.3
Polearms       | |  3.0
Dodging        | |  2.8

Action                   |  1- 3 |  4- 6 |  7- 9 || total
-------------------------+-------+-------+-------++-------
Melee: Spear             |    75 |    75 |       ||   150
       Constrict         |    15 |    18 |    38 ||    71
       Tentacles         |    10 |    15 |    28 ||    53
       Flail             |       |    28 |   142 ||   170
Invok: Draw Destruction  |       |       |     5 ||     5
Evoke: Wand              |       |     3 |     2 ||     5
  Use: Potion            |       |     1 |       ||     1
       Scroll            |       |       |    10 ||    10
 Stab: Sleeping          |       |     7 |     1 ||     8
       Distracted        |       |       |     1 ||     1
  Eat: Chunk             |     1 |     3 |    10 ||    14
       Ration            |       |     2 |       ||     2
Armor: Skin              |    15 |    11 |    24 ||    50
Dodge: Dodged            |    35 |    26 |    55 ||   116
Block: Kite shield       |     2 |    25 |    56 ||    83

Table legend:
 A = Non-vault XP
 B = Vault XP
 C = Vault XP percentage of total XP
 D = Non-vault monster count
 E = Vault monster count
 F = Vault count percentage of total count
                 A         B        C        D         E       F
            +---------+---------+-------+---------+---------+-------
      Total |    1545 |     289 |  15.8 |     100 |      15 |  13.0
            +---------+---------+-------+---------+---------+-------
        D:1 |      27 |       0 |   0.0 |      18 |       0 |   0.0
        D:2 |      90 |     157 |  63.6 |       7 |       6 |  46.2
        D:3 |     180 |     132 |  42.3 |      22 |       9 |  29.0
        D:4 |     184 |       0 |   0.0 |       9 |       0 |   0.0
        D:5 |     430 |       0 |   0.0 |      17 |       0 |   0.0
        D:6 |     580 |       0 |   0.0 |      22 |       0 |   0.0
     Temple |      54 |       0 |   0.0 |       5 |       0 |   0.0
            +---------+---------+-------+---------+---------+-------
